 Dungeon Sprint DCSS version 0.23-a0-305-g7ffd15e (webtiles) character file.

8229 emperorscorpion the Slicer (level 11, -8/60 HPs)
             Began as a Vine Stalker Warper on Oct 9, 2018.
             Was the Champion of Cheibriados.
             Mangled by an orc warrior
             ... wielding a cursed -1 glaive
              (16 damage)
             ... in the Dungeon (Sprint IX: "|||||||||||||||||||||||||||||").
             The game lasted 00:09:55 (676 turns).

emperorscorpion the Slicer (Vine Stalker Warper)     Turns: 676, Time: 00:09:56

Health: -8/60      AC:  9    Str: 28    XL:     11   Next: 27%
Magic:  0/28       EV: 20    Int: 31    God:    Cheibriados [******]
Gold:   663        SH:  0    Dex: 33    Spells: 23/34 levels left

rFire    . . .     SeeInvis .   a - +2 rapier (venom)
rCold    . . .     Gourm    .   (no shield)
rNeg     . . .     Faith    .   b - +0 leather armour
rPois    .         Spirit   +   s - +0 helmet
rElec    .         Reflect  .   r - +0 cloak
rCorr    .         Harm     .   (no gloves)
MR       +....     NoTele   +   w - +0 pair of boots
Stlth    +++.......             (no amulet)
HPRegen  0.60/turn              u - +2 ring of protection
MPRegen  0.21/turn              v - +3 ring of intelligence

@: very slow
A: fangs 3, regeneration 1, magic shield, antimagic bite, no potion heal 3, rot
immunity
a: Bend Time, Temporal Distortion, Slouch, Step From Time, Renounce Religion


You were in the Dungeon.
You worshipped Cheibriados.
Cheibriados was exalted by your worship.
You were not hungry.

You visited 1 branch You collected 663 gold pieces.

Inventory:

Hand Weapons
 a - a +2 rapier of venom (weapon)
 c - a +0 short sword
 p - a +1 dagger of venom
 q - a +2 scimitar of holy wrath
 D - a +0 blowgun
 E - a +0 short sword of distortion
 H - a +4 scimitar of flaming
Missiles
 e - 5 tomahawks of dispersal (quivered)
 F - 6 curare-tipped needles
Armour
 b - a +0 leather armour (worn)
 n - a +0 pair of gloves
 r - a +0 cloak (worn)
 s - a +0 helmet (worn)
 t - a +1 scale mail
 w - a +0 pair of boots (worn)
Magical Staves
 o - an uncursed staff of energy
Jewellery
 u - a +2 ring of protection (left hand)
 v - a +3 ring of intelligence (right hand)
Scrolls
 d - 4 scrolls of blinking
 l - 3 scrolls of remove curse
 m - 2 scrolls of amnesia
 z - 2 scrolls of identify
 A - 2 scrolls of enchant armour
 B - 2 scrolls of fear
 C - 2 scrolls of enchant weapon
Potions
 g - a potion of invisibility
 h - 5 potions of heal wounds
 i - 2 potions of haste
 j - 4 potions of magic
 k - 5 potions of curing
 x - 2 potions of mutation
 G - a potion of ambrosia {unknown}
Miscellaneous
 y - a crystal ball of energy
Comestibles
 f - 13 rations


   Skills:
 + Level 8.5 Fighting
 + Level 12.4 Short Blades
 + Level 2.1 Throwing
 + Level 6.1 Armour
 + Level 6.8 Dodging
 + Level 1.7 Stealth
 + Level 12.1 Spellcasting
 + Level 3.5 Charms
 + Level 11.0 Translocations
 * Level 9.3 Invocations
 - Level 1.8 Evocations


You had 23 spell levels left.
You knew the following spells:

 Your Spells              Type           Power        Failure   Level  Hunger
a - Shroud of Golubria    Chrm/Tloc      ######....   1%          2    None
b - Blink                 Tloc           N/A          1%          2    None
c - Passage of Golubria   Tloc           N/A          1%          4    None
d - Lesser Beckoning      Tloc           ######....   1%          3    None

Your spell library contained the following spells:

 Spells                   Type           Power        Failure   Level  Hunger
 Gell's Gravitas          Tloc           ######....   1%          3    None
 Teleport Other           Tloc           ######..     1%          3    None


Dungeon Overview and Level Annotations

Branches:
Dungeon (1/1)

Altars:
Cheibriados
Dithmenos
Elyvilon
Fedhas
Gozag
Hepliaklqana
Kikubaaqudgha
Makhleb
Nemelex Xobeh
Okawaru
Qazlal
Ru
Sif Muna
Trog
Uskayaw
Vehumet
Wu Jian
Xom
Yredelemnul
Zin
The Shining One
Beogh
Jiyva
Lugonu


Innate Abilities, Weirdness & Mutations

You have razor-sharp teeth.
Your natural rate of healing is unusually fast.
When hurt, damage is shared between your health and your magic reserves.
Your bite disrupts and absorbs the magic of your enemies.
Potions cannot restore your health.
You are immune to rotting.


Message History

The orc warrior is heavily wounded.
The orc no longer looks unusually strong.
The orc warrior no longer looks unusually strong.
The orc warrior misses you.
An orc warrior comes into view. It is wielding a trident.
The orc warrior hits you with a short sword.
* * * LOW HITPOINT WARNING * * *
The orc warrior shouts!
You hit the orc warrior.
The orc warrior looks as sick as possible!
Your bite misses the orc warrior.
The orc warrior is severely wounded.
You hit the orc warrior but do no damage.
The orc warrior looks as sick as possible!
You bite the orc warrior, but do no damage.
The orc warrior is severely wounded.
The orc warrior hits you with a short sword!
* * * LOW HITPOINT WARNING * * *
The orc warrior hits you from afar with an enchanted glaive!!
You die...

▓.▓.▓^▓_▓
▓o▓.▓.▓.▓_▓
▓o▓.▓†▓.▓_▓
▓o▓.▓†▓.▓_▓
▓o▓.▓†▓.▓_▓
▓o▓.▓.▓.▓_▓
▓o▓[▓.▓.▓_▓
▓o▓.▓.▓.▓_▓
▓@▓.▓.▓.▓_▓
▓.▓.▓.▓.▓_▓
▓.▓.▓^▓.▓_▓
▓.▓.▓.▓.▓_▓
▓.▓.▓.▓.▓_▓
▓.▓.▓†▓.▓_▓
▓.▓.▓+▓.▓_▓
▓.▓.▓^▓.▓_▓
▓.▓.▓.▓.▓_▓


You could see 6 orc warriors and an orc.

Vanquished Creatures
  2 hydras (D)
  Erica (D)
  Sonja (D)
  An orc knight (D)
  An ugly thing (D)
  4 spiny frogs (D)
  A rime drake (D)
  2 komodo dragons (D)
  2 blink frogs (D)
  A tyrant leech (D)
  A slime creature (D)
  2 hippogriffs (D)
  4 yaks (D)
  A basilisk (D)
  A water moccasin (D)
  A porcupine (D)
  An ice beast (D)
  A tengu (shapeshifter) (D)
  2 crocodiles (D)
  6 bullfrogs (D)
  A killer bee (D)
  A crimson imp (D)
  4 orc priests (D)
  4 orc wizards (D)
  A worker ant (D)
  An adder (D)
  A shadow imp (D)
  An ooze (D)
  An adder zombie (D)
  A leopard gecko (D)
  8 orcs (D)
  A ball python (D)
  A goblin (D)
  A bat (D)
  A kobold (D)
  A rat (D)
65 creatures vanquished.

Notes
Turn   | Place    | Note
-------+----------+-------------------------------------------
     0 | D        | emperorscorpion the Vine Stalker Warper began the quest for
                  | the Orb.
     0 | D        | Reached XP level 1. HP: 11/11 MP: 4/4
    27 | D        | Noticed an orc wizard
    31 | D        | Reached skill level 1 in Throwing
    31 | D        | Reached XP level 2. HP: 8/15 MP: 7/7
    35 | D        | Reached skill level 1 in Armour
    40 | D        | Reached XP level 3. HP: 7/20 MP: 2/9
    51 | D        | Found a roughly hewn altar of Beogh.
    51 | D        | Found a snail-covered altar of Cheibriados.
    51 | D        | Found a shadowy altar of Dithmenos.
    51 | D        | Found a white marble altar of Elyvilon.
    51 | D        | Found a blossoming altar of Fedhas.
    51 | D        | Found an opulent altar of Gozag.
    52 | D        | Found a hazy altar of Hepliaklqana.
    53 | D        | Found a viscous altar of Jiyva.
    54 | D        | Found an ancient bone altar of Kikubaaqudgha.
    55 | D        | Became a worshipper of Cheibriados the Contemplative
    56 | D        | Found a corrupted altar of Lugonu.
    57 | D        | Found a burning altar of Makhleb.
    58 | D        | Found a sparkling altar of Nemelex Xobeh.
    59 | D        | Found an iron altar of Okawaru.
    60 | D        | Found a stormy altar of Qazlal.
    61 | D        | Found a sacrificial altar of Ru.
    62 | D        | Found a deep blue altar of Sif Muna.
    63 | D        | Found a bloodstained altar of Trog.
    64 | D        | Found a hide-covered altar of Uskayaw.
    65 | D        | Found a radiant altar of Vehumet.
    66 | D        | Found an ornate altar of the Wu Jian Council.
    67 | D        | Found a shimmering altar of Xom.
    68 | D        | Found a basalt altar of Yredelemnul.
    69 | D        | Found a glowing silver altar of Zin.
    70 | D        | Found a glowing golden altar of the Shining One.
    77 | D        | Learned a level 2 spell: Blink
    80 | D        | Learned a level 2 spell: Shroud of Golubria
   130 | D        | Noticed an ice beast
   130 | D        | Noticed a killer bee
   130 | D        | Noticed a hippogriff
   138 | D        | Killed a hippogriff
   138 | D        | Reached skill level 5 in Short Blades
   138 | D        | Reached skill level 5 in Spellcasting
   138 | D        | Reached skill level 5 in Translocations
   138 | D        | Gained mutation: Your natural rate of healing is unusually
                  | fast. [Vine Stalker growth]
   138 | D        | Reached XP level 4. HP: 13/26 MP: 8/12
   138 | D        | Reached XP level 5. HP: 15/30 MP: 9/14
   142 | D        | Reached * piety under Cheibriados
   142 | D        | Reached XP level 6. HP: 15/34 MP: 9/15
   150 | D        | Reached skill level 5 in Fighting
   154 | D        | Reached ** piety under Cheibriados
   160 | D        | Killed an ice beast
   170 | D        | Learned a level 4 spell: Passage of Golubria
   178 | D        | Noticed a yak
   178 | D        | Noticed a black mamba
   178 | D        | Noticed a slime creature
   178 | D        | Noticed a green ugly thing
   190 | D        | Killed a slime creature
   190 | D        | Reached *** piety under Cheibriados
   190 | D        | Reached skill level 5 in Dodging
   190 | D        | Reached XP level 7. HP: 18/39 MP: 3/18
   193 | D        | Killed a green ugly thing
   193 | D        | Reached skill level 1 in Stealth
   193 | D        | Reached skill level 1 in Evocations
   193 | D        | Gained mutation: You have razor-sharp teeth. [Vine Stalker
                  | growth]
   193 | D        | Reached XP level 8. HP: 17/44 MP: 2/20
   194 | D        | a black mamba changed into a basilisk
   209 | D        | Reached **** piety under Cheibriados
   221 | D        | Killed a yak
   330 | D        | Noticed a yak
   330 | D        | Noticed a six-headed hydra
   330 | D        | Noticed a komodo dragon
   331 | D        | Noticed a six-headed hydra
   335 | D        | Reached skill level 1 in Invocations
   337 | D        | Reached ***** piety under Cheibriados
   337 | D        | Reached skill level 1 in Charms
   339 | D        | Killed a komodo dragon
   340 | D        | Killed a six-headed hydra
   340 | D        | Reached skill level 10 in Short Blades
   340 | D        | Reached XP level 9. HP: 50/50 MP: 17/23
   343 | D        | Killed a six-headed hydra
   343 | D        | Reached skill level 10 in Spellcasting
   343 | D        | Reached skill level 5 in Invocations
   351 | D        | Reached ****** piety under Cheibriados
   359 | D        | Reached XP level 10. HP: 53/55 MP: 25/25
   375 | D        | Reached skill level 5 in Armour
   386 | D        | Noticed a spiny frog
   419 | D        | Killed a spiny frog
   431 | D        | Noticed a spiny frog
   431 | D        | Noticed a spiny frog
   431 | D        | Noticed a spiny frog
   436 | D        | Killed a spiny frog
   441 | D        | Killed a spiny frog
   441 | D        | Reached skill level 10 in Translocations
   447 | D        | Killed a spiny frog
   536 | D        | Noticed Sonja
   542 | D        | Killed Sonja
   542 | D        | Reached XP level 11. HP: 45/60 MP: 7/27
   549 | D        | Learned a level 3 spell: Lesser Beckoning
   551 | D        | Noticed Erica
   554 | D        | Killed Erica
   649 | D        | Noticed an orc knight
   670 | D        | Killed an orc knight
   676 | D        | Mangled by an orc warrior

Vault maps used:
D:        linesprint

Skill      XL: |  1  2  3  4  5  6  7  8  9 10 11 |
---------------+----------------------------------+-----
Short Blades   | 2 3 5 6 7 8 10 12 | 12.4
Fighting       | 2 3 4 5 6 7 8 |  8.5
Dodging        | 2 3 4 5 6 |  6.8
Throwing       | 1 2 |  2.1
Spellcasting   | 3 4 5 6 7 9 10 11 12 | 12.1
Armour         | 1 2 3 4 6 |  6.1
Translocations | 5 7 8 9 10 11 | 11.0
Stealth        | 1 |  1.7
Evocations     | 1 |  1.8
Invocations    | 4 6 8 9 |  9.3
Charms         | 2 3 |  3.5

Action                   |  1- 3 |  4- 6 |  7- 9 | 10-12 || total
-------------------------+-------+-------+-------+-------++-------
Melee: Short sword       |    14 |       |       |       ||    14
       Bite              |    12 |     7 |    24 |    83 ||   126
       Dagger            |    15 |       |       |       ||    15
       Rapier            |     8 |    24 |    45 |   138 ||   215
 Cast: Shroud of Golubri |     2 |       |     2 |     5 ||     9
       Passage of Golubr |       |     3 |     6 |    12 ||    21
       Blink             |       |       |     4 |     3 ||     7
       Lesser Beckoning  |       |       |       |     4 ||     4
Evoke: Wand              |       |     2 |     8 |       ||    10
  Use: Potion            |     2 |       |       |       ||     2
 Stab: Sleeping          |       |       |       |     1 ||     1
Armor: Leather armour    |     5 |       |       |     7 ||    12
       Scale mail        |     9 |    12 |     8 |    10 ||    39
Dodge: Dodged            |    18 |    10 |    25 |    54 ||   107

Table legend:
 A = Non-vault XP
 B = Vault XP
 C = Vault XP percentage of total XP
 D = Non-vault monster count
 E = Vault monster count
 F = Vault count percentage of total count
                 A         B        C        D         E       F
            +---------+---------+-------+---------+---------+-------
      Total |       0 |   11757 | 100.0 |       0 |      65 | 100.0
            +---------+---------+-------+---------+---------+-------
          D |       0 |   11757 | 100.0 |       0 |      65 | 100.0
            +---------+---------+-------+---------+---------+-------
